 Dungeon Crawl Stone Soup version 0.29.0-11-gd7f09526c8 (webtiles) character file.

Game seed: 4000759556038044528

5455 greasedhog the Basher (level 11, -2/97 HPs)
             Began as a Meteoran Berserker on Sept 6, 2022.
             Was an Elder of Trog.
             Slain by an orc warrior
             ... wielding a +0 halberd
              (26 damage)
             ... in a bailey.
             The game lasted 00:15:35 (2711 turns).

greasedhog the Basher (Meteoran Berserker)          Turns: 2711, Time: 00:15:36

Health: -2/97      AC: 15    Str: 23    XL:     11   Next: 19%
Magic:  12/12      EV: 12    Int:  9    God:    Trog [****..]
Gold:   264        SH:  5    Dex: 14    Spells: 10/10 levels left

rFire   . . .      SeeInvis .   v - +8 trident of the Octopus King {venom, rElec rPois}
rCold   . . .      Faith    .   (no shield)
rNeg    . . .      Spirit   .   i - +0 storm dragon scales
rPois   +          Reflect  +   (no helmet)
rElec   +          Harm     .   o - +0 cloak
rCorr   +          Rampage  .   (no gloves)
Will    ++...                   (no boots)
Stlth   ..........              w - amulet of reflection
HPRegen 0.26/turn               n - ring of resist corrosion
MPRegen 0.13/turn               k - ring of willpower

@: glowing
A: sense surroundings 2, otherworldly, glowing, explore regen
a: Renounce Religion, Berserk, Trog's Hand, Brothers in Arms


You were in a bailey.
You worshipped Trog.
Trog was greatly pleased with you.
You visited 1 branch of the dungeon, and saw 11 of its levels.
You also visited: Bailey.

You collected 264 gold pieces.

Inventory:

Hand Weapons
 b - a +1 whip of venom
 v - the +8 trident of the Octopus King (weapon) {venom, rElec rPois}
   (You found it on level 9 of the Dungeon)

   It poisons the flesh of those it strikes.
   rElec:     It insulates you from electricity.
   rPois:     It protects you from poison.
Missiles
 h - 2 curare-tipped darts (quivered)
Armour
 i - +0 storm dragon scales (worn)
 o - a +0 cloak (worn)
Jewellery
 k - a ring of willpower (right hand)
 n - a ring of resist corrosion (left hand)
 w - an amulet of reflection (around neck)
 x - a ring of ice
Wands
 e - a wand of light (2)
 u - a wand of flame (10)
Scrolls
 g - a scroll of poison
 j - a scroll of blinking {unknown}
 l - a scroll of vulnerability {unknown}
 m - 2 scrolls of fog
 p - a scroll of enchant weapon {unknown}
 s - 2 scrolls of teleportation
 t - 2 scrolls of immolation
Potions
 c - a potion of curing
 d - 3 potions of heal wounds
 f - 2 potions of cancellation


   Skills:
 * Level 9.0 Fighting
 - Level 12.0 Maces & Flails
 - Level 10.0 Armour
 * Level 8.4 Dodging


You had 10 spell levels left.
You didn't know any spells.
Your spell library was empty.

Dungeon Overview and Level Annotations

Branches:
Dungeon (11/15) Zot: 4243  Temple (0/1) D:5          Bailey (1/1) Zot: 203
   Lair: D:8-11         Orc: D:9-12

Altars:
Cheibriados
Okawaru
Qazlal
Uskayaw
Wu Jian
Xom
Yredelemnul


Innate Abilities, Weirdness & Mutations

You passively map the area around you.
You are easily found by Zot.
You glow in the dark.
You regain HP and MP as you explore.


Message History

The orc warrior is moderately wounded.
You block the orc warrior's attack.
Reach: v) +8 trident of the Octopus King {venom, rElec rPois}
Press: ? - help, Dir - move target, f/p - orc warrior
Aim: an orc warrior, wielding a +0 trident and wearing a +0 plate armour (moderately wounded, strong, about 30% to evade the +8 trident of the Octopus King)
You reach to attack!
You barely miss the orc warrior.
The orc warrior is moderately wounded.
The orc knight roars a battlecry!
The orc warrior goes into a battle-frenzy!
The orc warrior barely misses you.
Reach: v) +8 trident of the Octopus King {venom, rElec rPois}
Press: ? - help, Dir - move target, f/p - orc warrior
Aim: an orc warrior, wielding a +0 trident and wearing a +0 plate armour (moderately wounded, strong, about 30% to evade the +8 trident of the Octopus King)
You reach to attack!
You puncture the orc warrior!
The orc warrior is poisoned.
The orc warrior is severely wounded.
The orc warrior hits you but does no damage.
Reach: v) +8 trident of the Octopus King {venom, rElec rPois}
Press: ? - help, Dir - move target, f/p - orc warrior
Aim: an orc warrior, wielding a +0 trident and wearing a +0 plate armour (severely wounded, strong, very poisoned, about 30% to evade the +8 trident of the Octopus King)
You reach to attack!
You hit the orc warrior.
The orc warrior is severely wounded.
The orc warrior hits you from afar with a +0 trident!!
The orc warrior barely misses you.
Reach: v) +8 trident of the Octopus King {venom, rElec rPois}
Press: ? - help, Dir - move target, f/p - orc warrior
Aim: an orc warrior, wielding a +0 trident and wearing a +0 plate armour (almost dead, strong, very poisoned, about 30% to evade the +8 trident of the Octopus King)
You reach to attack!
You puncture the orc warrior!
You kill the orc warrior!
Trog accepts your kill.
There is an open door here.
Aiming: Throw Flame
Press: ? - help, Shift-Dir - straight line, f - orc warrior
Aim: an orc warrior, wielding a +0 halberd and wearing a +0 scale mail (strong, 60% to hit)
The puff of flame hits the orc warrior.
The orc warrior is lightly wounded.
The orc warrior hits you from afar with a +0 halberd!!
The orc warrior hits you from afar with a +0 halberd!
* * * LOW HITPOINT WARNING * * *
The orc warrior hits you from afar with a +0 halberd!!
You die...

~.########## + * ##########.~.#
~.##.$$$.##.....§§ .##.....##)~.#
~..##.$.##..≈≈≈.≈§§..+#...##).~.#
~~..##.##..§≈...§§§≈..##.##..~~.#
.~)..#+# .≈≈...⌠.§§§≈..#+#..~~.##
.~~..# ,.....⌠∩⌠......# #..~~.∩#
~~..##, *..≈≈....o≈≈..#* ##..~~.#
~).## , +..§≈≈≈≈≈≈o.# ,##..~.#
~.## , #.....@..)#*, ##.~.#
~)#############+###'#########.~.#
~......... #.... ##...)).....~.#
~~oo~~~~~~, *#.∩.##..~~)~~)~~~~.#
.........~ * ##..~~..........#
########.. ~ #..~~..########## *.
~~.....~~..## ,.~~~~~~~..##
.........##


You could see an orc knight and an orc warrior (strong).

Vanquished Creatures
  Pikel (D:5)
  The ghost of hito the Changer, a novice DrTm of Ru (D:5)
  Psyche (D:8)
  A hornet (D:9)
  A troll (D:11)
  A steam dragon (D:7)
  9 yaks (D:10)
  Menkaure (D:6)
  7 orc warriors (Bailey)
  An ice beast (D:5)
  3 black bears
  An ogre (D:5)
  5 kobold brigands
  A necrophage (D:7)
  3 howler monkeys (D:9)
  A jelly (D:5)
  4 electric eels (D:8)
  6 hounds
  Crazy Yiuf (D:4)
  A gnoll bouda (D:7)
  2 orc priests (D:7)
  2 iguanas
  4 orc wizards
  5 gnolls (D:7)
  4 adders
  2 shadow imps
  An ufetubus (D:7)
  29 orcs
  2 ball pythons (D:4)
  4 endoplasms
  A giant cockroach (D:4)
  10 goblins
  3 hobgoblins (D:4)
  2 bats
  A frilled lizard (D:2)
  30 kobolds
  A rat (D:2)
153 creatures vanquished.

Vanquished Creatures (others)
  3 fungi
  2 plants (D:5)
5 creatures vanquished.

Grand Total: 158 creatures vanquished

Notes
Turn   | Place    | Note
-------+----------+-------------------------------------------
     0 | D:1      | greasedhog the Meteoran Berserker began the quest for the
                  | Orb.
     0 | D:1      | Reached XP level 1. HP: 19/19 MP: 2/2
    42 | D:2      | Reached XP level 2. HP: 18/27 MP: 3/3
    72 | D:2      | Found a faded altar of an unknown god.
   160 | D:2      | Reached XP level 3. HP: 19/33 MP: 4/4
   317 | D:4      | Reached skill level 5 in Maces & Flails
   317 | D:4      | Reached XP level 4. HP: 32/41 MP: 5/5
   362 | D:4      | Found a large runed translucent door.
   363 | D:4      | Found a large runed translucent door.
   377 | D:4      | Found an ornate altar of the Wu Jian Council.
   388 | D:4      | Found a snail-covered altar of Cheibriados.
   422 | D:4      | Reached XP level 5. HP: 47/47 MP: 6/6
   430 | D:4      | Reached skill level 5 in Fighting
   430 | D:4      | Reached skill level 6 in Maces & Flails
   484 | D:4      | Found a runed translucent door.
   485 | D:4      | Noticed Crazy Yiuf
   492 | D:4      | Killed Crazy Yiuf
   493 | D:4      | Reached XP level 6. HP: 56/56 MP: 7/7
   581 | D:5      | Entered Level 5 of the Dungeon
   616 | D:5      | Noticed an ice beast
   628 | D:5      | Killed an ice beast
   668 | D:6      | Noticed Menkaure
   858 | D:6      | Killed Menkaure
   859 | D:6      | Reached skill level 7 in Maces & Flails
   859 | D:6      | Reached XP level 7. HP: 61/61 MP: 8/8
   861 | D:6      | Reached ** piety under Trog
   881 | D:6      | Reached skill level 5 in Armour
   933 | D:6      | Reached skill level 8 in Maces & Flails
   954 | D:6      | Found a stormy altar of Qazlal.
   954 | D:6      | Found a basalt altar of Yredelemnul.
   968 | D:6      | Reached XP level 8. HP: 63/64 MP: 9/9
   978 | D:5      | Found a runed translucent gate.
   978 | D:5      | Found a runed translucent gate.
   978 | D:5      | Found a hide-covered altar of Uskayaw.
   978 | D:5      | Noticed hito's ghost (novice DrTm)
   979 | D:5      | Noticed Pikel
   983 | D:5      | Found a runed translucent gate.
  1008 | D:5      | Killed Pikel
  1009 | D:5      | Reached skill level 9 in Maces & Flails
  1040 | D:5      | Found a staircase to the Ecumenical Temple.
  1085 | D:5      | Gained mutation: You passively map the area around you.
                  | [Meteoran growth]
  1085 | D:5      | Reached XP level 9. HP: 20/74 MP: 10/10
  1130 | D:4      | Reached skill level 10 in Maces & Flails
  1252 | D:5      | Killed hito's ghost
  1253 | D:5      | Reached skill level 11 in Maces & Flails
  1501 | D:7      | Reached *** piety under Trog
  1699 | D:7      | Reached skill level 12 in Maces & Flails
  1699 | D:7      | Reached XP level 10. HP: 59/81 MP: 11/11
  1739 | D:8      | Reached skill level 10 in Armour
  1911 | D:8      | Noticed Psyche
  1927 | D:8      | Killed Psyche
  1953 | D:9      | Found the +8 trident of the Octopus King {venom, rElec
                  | rPois}
  1954 | D:9      | Found an iron altar of Okawaru.
  2007 | D:9      | Reached skill level 5 in Dodging
  2045 | D:10     | Entered Level 10 of the Dungeon
  2045 | D:10     | Found a shimmering altar of Xom.
  2294 | D:10     | Found a flagged portal.
  2328 | D:10     | Reached XP level 11. HP: 87/95 MP: 12/12
  2338 | Bailey   | Entered a bailey
  2344 | Bailey   | Reached **** piety under Trog
  2625 | Bailey   | Noticed an orc knight
  2677 | Bailey   | Noticed an orc knight
  2711 | Bailey   | Slain by an orc warrior

Illustrated notes

Levels and vault maps discovered:
D:1:      minmay_arrival_radiant_lines, layout_loops_ring,
          chequers_serial_rivers_micro_a, st_stairs_6
D:2:      layout_basic, shapermc_ecumenical_altar_venn
D:3:      layout_loops_cross, amcnicky_mini_pool_small, solitary_fountain,
          minmay_ogre_servants
D:4:      layout_cave_pools, jmf_multi_god_temple2, uniq_crazy_yiuf_cottage
D:5:      layout_basic, eat_drink_and_be_merry_uskayaw,
          minmay_temple_entry_mini_moons, gammafunk_ghost_nasty_kobolds,
          uniq_pikel
D:6:      layout_rooms, nicolae_overflow_two_pavilions, minmay_microvault,
          uniq_grinder, uniq_menkaure, uniq_prince_ribbit1
D:7:      lemuel_ice_statue, layout_gridville, hangedman_glass_garden
D:8:      layout_basic, kennysheep_little_box, lair_entry_dummy, uniq_grum,
          uniq_psyche
D:9:      layout_stronghold, okawaru_ov_weapons_minmay,
          kennysheep_decorative_pillar
D:10:     layout_loops_ring, brannock_xom_greatest_gift, enter_bailey_5
D:11:     layout_roguey [special_room_bee], enter_trove_1
Bailey:   bailey_polearm_1, bailey

Skill      XL: |  1  2  3  4  5  6  7  8  9 10 11 |
---------------+----------------------------------+-----
Fighting       | 4 5 8 9 |  9.0
Maces & Flails | 5 6 7 8 9 12 | 12.0
Armour         | 4 5 7 9 10 | 10.0
Dodging        | 7 8 |  8.4

Action                   |  1- 3 |  4- 6 |  7- 9 | 10-12 || total
-------------------------+-------+-------+-------+-------++-------
Melee: Mace              |    77 |    47 |    63 |       ||   187
       Punch             |       |     2 |       |     2 ||     4
       Short sword       |       |       |    28 |       ||    28
       Whip              |       |       |   214 |    66 ||   280
       Trident           |       |       |       |   147 ||   147
Invok: Berserk           |     1 |     4 |     4 |     1 ||    10
       Trog's Hand       |       |       |     1 |       ||     1
Evoke: Wand              |       |       |     1 |     1 ||     2
  Use: Scroll            |     1 |     5 |     2 |     1 ||     9
       Potion            |       |       |     3 |       ||     3
 Stab: Invisible         |       |       |     2 |       ||     2
Armor: Animal skin       |     2 |       |       |       ||     2
       Scale mail        |    32 |       |       |       ||    32
       Storm dragon scal |       |    30 |   207 |    58 ||   295
Dodge: Dodged            |    34 |    15 |    97 |    65 ||   211
Block: Other             |       |       |       |    29 ||    29
